| TOP OF THE 1ST |
|
Lansing Lugnuts batting - Pitching for Cedar Rapids Kernels : RHP Scot Abbott
|
|
Pitching: RHP Scot Abbott
|
|
|
Batting: LHB Danny Bailey
|
0-0: Ball 1-0: Ball 2-0: Called Strike 2-1: Swinging Strike 2-2: Strikes out swinging
|
|
Batting: RHB Raul de la Cruz
|
0-0: Ball 1-0: Ball 2-0: Foul Ball, location: 2F 2-1: Ground out 4-3 (Groundball, 4, EV 89.4 MPH)
|
|
Batting: LHB Marc Carter
|
0-0: Ball 1-0: Ball 2-0: Ball 3-0: Called Strike 3-1: Ground out 4-3 (Groundball, 4, EV 87.5 MPH)
|
| Top of the 1st over - 0 runs, 0 hits, 0 errors, 0 left on base; Lansing 0 - Cedar Rapids 0 |
| BOTTOM OF THE 1ST |
|
Cedar Rapids Kernels batting - Pitching for Lansing Lugnuts : RHP Dan Korte
|
|
Pitching: RHP Dan Korte
|
|
|
Batting: RHB Mike Buchanan
|
0-0: Called Strike 0-1: Called Strike 0-2: Strikes out swinging
|
|
Batting: RHB Kevin Harris
|
0-0: Ball 1-0: Ball 2-0: Ball 3-0: Base on Balls
|
|
Batting: RHB Jose Almonte
|
0-0: Fly out, F9 (Flyball, 9, EV 91.2 MPH)
|
|
Batting: LHB Tomas Espino
|
0-0: Fly out, F8 (Flyball, 8LM, EV 86.2 MPH)
|
| Bottom of the 1st over - 0 runs, 0 hits, 0 errors, 1 left on base; Lansing 0 - Cedar Rapids 0 |
| TOP OF THE 2ND |
|
Lansing Lugnuts batting - Pitching for Cedar Rapids Kernels : RHP Scot Abbott
|
|
Batting: RHB Butch Koglin
|
0-0: Ball 1-0: Called Strike 1-1: Foul Ball, location: 2F 1-2: Strikes out swinging
|
|
Batting: RHB Freddy Quintero
|
0-0: Called Strike 0-1: Fly out, F8 (Flyball, 89M, EV 84.4 MPH)
|
|
Batting: RHB Dylan Phillips
|
0-0: Foul Ball, location: 2F 0-1: Ground out 6-3 (Groundball, 6, EV 81.9 MPH)
|
| Top of the 2nd over - 0 runs, 0 hits, 0 errors, 0 left on base; Lansing 0 - Cedar Rapids 0 |
| BOTTOM OF THE 2ND |
|
Cedar Rapids Kernels batting - Pitching for Lansing Lugnuts : RHP Dan Korte
|
|
Batting: RHB Nick Phipps
|
0-0: DOUBLE (Line Drive, 7LM, EV 108.8 MPH)
|
|
Batting: RHB Ruben Serrata
|
0-0: Ball 1-0: Ball 2-0: Foul Ball, location: 2F 2-1: Ground out U3 (Groundball, 13, EV 81.2 MPH) Nick Phipps to third
|
|
Batting: RHB Jose Gracia
|
0-0: Called Strike 0-1: Ground out 5-3 (Groundball, 56S, EV 66.9 MPH) Nick Phipps scores
|
|
Batting: RHB Jeremy Witt
|
0-0: Called Strike 0-1: SINGLE (Groundball, 34S, EV 71.2 MPH) (infield hit)
|
|
Batting: RHB Ratko Macura
|
0-0: SINGLE (Groundball, 56D, EV 111.2 MPH) Jeremy Witt to second
|
|
Batting: RHB Mike Buchanan
|
0-0: Ground out 4-3 (Groundball, 4, EV 81.9 MPH)
|
| Bottom of the 2nd over - 1 run, 3 hits, 0 errors, 2 left on base; Lansing 0 - Cedar Rapids 1 |
| TOP OF THE 3RD |
|
Lansing Lugnuts batting - Pitching for Cedar Rapids Kernels : RHP Scot Abbott
|
|
Batting: RHB Carlos Renteria
|
0-0: Ball 1-0: Called Strike 1-1: Foul Ball, location: 2F 1-2: Fly out, F8 (Line Drive, 8RM, EV 84.4 MPH)
|
|
Batting: LHB Roger Escareno
|
0-0: Called Strike 0-1: Ball 1-1: Ball 2-1: Foul Ball, location: 2F 2-2: Ground out 1-3 (Groundball, P, EV 73.8 MPH)
|
|
Batting: RHB Ricky Carbajal
|
0-0: Ball 1-0: Called Strike 1-1: Ball 2-1: Foul Ball, location: 2F 2-2: Ground out 6-3 (Groundball, 6, EV 99.4 MPH)
|
| Top of the 3rd over - 0 runs, 0 hits, 0 errors, 0 left on base; Lansing 0 - Cedar Rapids 1 |
| BOTTOM OF THE 3RD |
|
Cedar Rapids Kernels batting - Pitching for Lansing Lugnuts : RHP Dan Korte
|
|
Batting: RHB Kevin Harris
|
0-0: Ball 1-0: Foul Ball, location: 2F 1-1: Foul Ball, location: 2F 1-2: Ball 2-2: Strikes out swinging
|
|
Batting: RHB Jose Almonte
|
0-0: Ground out 1-3 (Groundball, 34S, EV 70.0 MPH)
|
|
Batting: LHB Tomas Espino
|
0-0: Foul Ball, location: 2F 0-1: Fly out, F7 (Flyball, 78D, EV 90.0 MPH)
|
| Bottom of the 3rd over - 0 runs, 0 hits, 0 errors, 0 left on base; Lansing 0 - Cedar Rapids 1 |
| TOP OF THE 4TH |
|
Lansing Lugnuts batting - Pitching for Cedar Rapids Kernels : RHP Scot Abbott
|
|
Batting: LHB Danny Bailey
|
0-0: Ball 1-0: Foul Ball, location: 2F 1-1: Ball 2-1: SINGLE (Groundball, 56S, EV 63.8 MPH) (infield hit)
|
|
Batting: RHB Raul de la Cruz
|
0-0: Ball Danny Bailey steals 2nd base 1-0: DOUBLE (Line Drive, 3D, EV 94.4 MPH) Danny Bailey scores
|
|
Batting: LHB Marc Carter
|
0-0: Called Strike Raul de la Cruz steals 3rd base 0-1: Ball Wild Pitch! Raul de la Cruz scores 1-1: Foul Ball, location: 2F 1-2: SINGLE (Line Drive, 56, EV 95.6 MPH)
|
|
Batting: RHB Butch Koglin
|
0-0: Called Strike Marc Carter is caught stealing 2nd base 2-4 0-1: Foul Ball, location: 2F 0-2: Strikes out looking
|
|
Batting: RHB Freddy Quintero
|
0-0: Foul Ball, location: 2F 0-1: Swinging Strike 0-2: Ball 1-2: Foul Ball, location: 2F 1-2: DOUBLE (Flyball, 8LXD, EV 100.6 MPH)
|
|
Batting: RHB Dylan Phillips
|
0-0: Ball 1-0: Ball 2-0: Called Strike 2-1: Fly out, F4 (Popup, 4, EV 76.9 MPH)
|
| Top of the 4th over - 2 runs, 4 hits, 0 errors, 1 left on base; Lansing 2 - Cedar Rapids 1 |
| BOTTOM OF THE 4TH |
|
Cedar Rapids Kernels batting - Pitching for Lansing Lugnuts : RHP Dan Korte
|
|
Batting: RHB Nick Phipps
|
0-0: SINGLE (Line Drive, 56D, EV 105.6 MPH)
|
|
Batting: RHB Ruben Serrata
|
0-0: Ball 1-0: Called Strike 1-1: Called Strike 1-2: Strikes out looking
|
|
Batting: RHB Jose Gracia
|
0-0: Called Strike Nick Phipps is caught stealing 2nd base 2-4 0-1: Called Strike 0-2: Fly out, F3 (Popup, 23F, EV 90.0 MPH)
|
| Bottom of the 4th over - 0 runs, 1 hit, 0 errors, 0 left on base; Lansing 2 - Cedar Rapids 1 |
| TOP OF THE 5TH |
|
Lansing Lugnuts batting - Pitching for Cedar Rapids Kernels : RHP Scot Abbott
|
|
Batting: RHB Carlos Renteria
|
0-0: Ball 1-0: Ball 2-0: Swinging Strike 2-1: Fly out, F9 (Line Drive, 89M, EV 84.4 MPH)
|
|
Batting: LHB Roger Escareno
|
0-0: Ball 1-0: Ground out U3 (Groundball, 34S, EV 91.2 MPH)
|
|
Batting: RHB Ricky Carbajal
|
0-0: Hit by Pitch
|
|
Batting: LHB Danny Bailey
|
0-0: Ball Ricky Carbajal is caught stealing 2nd base 2-6
|
| Top of the 5th over - 0 runs, 0 hits, 0 errors, 0 left on base; Lansing 2 - Cedar Rapids 1 |
| BOTTOM OF THE 5TH |
|
Cedar Rapids Kernels batting - Pitching for Lansing Lugnuts : RHP Dan Korte
|
|
Batting: RHB Jeremy Witt
|
0-0: Ground out 4-3 (Groundball, 34, EV 106.2 MPH)
|
|
Batting: RHB Ratko Macura
|
0-0: Ball 1-0: Swinging Strike 1-1: Foul Ball, location: 2F 1-2: Strikes out looking
|
|
Batting: RHB Mike Buchanan
|
0-0: Ground out U3 (Groundball, 13, EV 85.0 MPH)
|
| Bottom of the 5th over - 0 runs, 0 hits, 0 errors, 0 left on base; Lansing 2 - Cedar Rapids 1 |
| TOP OF THE 6TH |
|
Lansing Lugnuts batting - Pitching for Cedar Rapids Kernels : RHP Scot Abbott
|
|
Batting: LHB Danny Bailey
|
0-0: Ball 1-0: SINGLE (Groundball, 25, EV 72.5 MPH) (infield hit)
|
|
Batting: RHB Raul de la Cruz
|
0-0: Ball 1-0: Called Strike 1-1: Ball Danny Bailey steals 2nd base 2-1: Ground out 4-3 (Groundball, 13, EV 84.4 MPH) Danny Bailey to third
|
|
Batting: LHB Marc Carter
|
0-0: Called Strike 0-1: Fly out, F7 (Flyball, 78S, EV 95.6 MPH)
|
|
Batting: RHB Butch Koglin
|
0-0: Foul Ball, location: 2F 0-1: Fly out, F9 (Flyball, 9D, EV 86.9 MPH)
|
| Top of the 6th over - 0 runs, 1 hit, 0 errors, 1 left on base; Lansing 2 - Cedar Rapids 1 |
| BOTTOM OF THE 6TH |
|
Cedar Rapids Kernels batting - Pitching for Lansing Lugnuts : RHP Dan Korte
|
|
Batting: RHB Kevin Harris
|
0-0: Ball 1-0: Ball 2-0: Ball 3-0: Foul Ball, location: 2F 3-1: SINGLE (Line Drive, 8LS, EV 91.9 MPH)
|
|
Batting: RHB Jose Almonte
|
0-0: Foul Ball, location: 2F 0-1: Ball 1-1: Called Strike 1-2: Ball 2-2: SINGLE (Groundball, 34D, EV 103.8 MPH) Kevin Harris to second Runner from 2nd tries for 3rd, SAFE, throw by RF made to third
|
|
Batting: LHB Tomas Espino
|
0-0: Swinging Strike 0-1: Ball 1-1: Foul Ball, location: 2F 1-2: Foul Ball, location: 2F 1-2: Fly out, F7 (Flyball, 7LM, EV 100.6 MPH) Runner from 3rd tags up, OUT at HOME! 7-2 Jose Almonte to second
|
|
Batting: RHB Nick Phipps
|
0-0: Ground out 6-3 (Groundball, 6, EV 87.5 MPH)
|
| Bottom of the 6th over - 0 runs, 2 hits, 0 errors, 1 left on base; Lansing 2 - Cedar Rapids 1 |
| TOP OF THE 7TH |
|
Lansing Lugnuts batting - Pitching for Cedar Rapids Kernels : RHP Scot Abbott
|
|
Pitching: LHP Josh Armstrong
|
|
|
Batting: RHB Freddy Quintero
|
0-0: Called Strike 0-1: Ball 1-1: Foul Ball, location: 2F 1-2: Ground out 6-3 (Groundball, 6, EV 104.4 MPH)
|
|
Batting: RHB Dylan Phillips
|
0-0: Called Strike 0-1: Foul Ball, location: 2F 0-2: Ball 1-2: Foul Ball, location: 2F 1-2: Ball 2-2: Ball 3-2: Fly out, F8 (Flyball, 89M, EV 71.9 MPH)
|
|
Batting: RHB Carlos Renteria
|
0-0: SINGLE (Line Drive, 6D, EV 97.5 MPH)
|
|
Pinch Hitting: RHB James Boynton
|
0-0: Called Strike Carlos Renteria steals 2nd, throwing error, E2 Carlos Renteria to third 0-1: Swinging Strike 0-2: Ball 1-2: Ball 2-2: Foul Ball, location: 2F 2-2: Foul Ball, location: 2F 2-2: Foul Ball, location: 2F 2-2: Ball 3-2: Foul Ball, location: 2F 3-2: Base on Balls
|
|
Batting: RHB Ricky Carbajal
|
0-0: Called Strike 0-1: Ball 1-1: Reached via error on a dropped throw from P, E3 (Groundball, 34S, EV 68.1 MPH) Carlos Renteria scores James Boynton to second
|
|
Pinch Hitting: RHB Elliot Manfredini
|
0-0: Called Strike 0-1: Ball 1-1: Ball 2-1: Fielders Choice at 2nd, 6-4 (Groundball, 6, EV 92.5 MPH)
|
| Top of the 7th over - 1 run, 1 hit, 2 errors, 2 left on base; Lansing 3 - Cedar Rapids 1 |
| BOTTOM OF THE 7TH |
|
Cedar Rapids Kernels batting - Pitching for Lansing Lugnuts : RHP Dan Korte
|
|
Now at 3B: Jamie Ogilvie
|
|
|
Now in LF: Timo Gomez
|
|
|
Now in CF: Dan Hilyer
|
|
|
Now in RF: Ricky Carbajal
|
|
|
Batting: RHB Ruben Serrata
|
0-0: Ball 1-0: Called Strike 1-1: Ball 2-1: Ball 3-1: Ground out 4-3 (Groundball, 4M, EV 103.1 MPH)
|
|
Batting: RHB Jose Gracia
|
0-0: Ball 1-0: Ball 2-0: Ball 3-0: Base on Balls
|
|
Batting: RHB Jeremy Witt
|
0-0: Ball 1-0: Foul Ball, location: 2F 1-1: Called Strike Jose Gracia is caught stealing 2nd base 2-4 1-2: Ball 2-2: Ground out 5-3 (Groundball, 56S, EV 85.6 MPH)
|
| Bottom of the 7th over - 0 runs, 0 hits, 0 errors, 0 left on base; Lansing 3 - Cedar Rapids 1 |
| TOP OF THE 8TH |
|
Lansing Lugnuts batting - Pitching for Cedar Rapids Kernels : LHP Josh Armstrong
|
|
Pitching: RHP Dean Huch
|
|
|
Batting: RHB Raul de la Cruz
|
0-0: Ball 1-0: Ball 2-0: Ball 3-0: Ground out 6-3 (Groundball, 6, EV 106.2 MPH)
|
|
Batting: LHB Timo Gomez
|
0-0: Called Strike 0-1: Ball 1-1: Foul Ball, location: 2F 1-2: Foul Ball, location: 2F 1-2: Ball 2-2: Foul Ball, location: 2F 2-2: Ball 3-2: Foul Ball, location: 2F 3-2: SOLO HOME RUN (Line Drive, 89XD, EV 101.9 MPH), Distance : 416 ft
|
|
Batting: RHB Butch Koglin
|
0-0: Foul Ball, location: 2F 0-1: Foul Ball, location: 2F 0-2: Ground out 5-3 (Groundball, 5S, EV 65.0 MPH)
|
|
Batting: RHB Freddy Quintero
|
0-0: Called Strike 0-1: Ball 1-1: Foul Ball, location: 2F 1-2: Foul Ball, location: 2F 1-2: Foul Ball, location: 2F 1-2: Foul Ball, location: 2F 1-2: Ball 2-2: Foul Ball, location: 2F 2-2: Fly out, F7 (Flyball, 7D, EV 99.4 MPH)
|
| Top of the 8th over - 1 run, 1 hit, 0 errors, 0 left on base; Lansing 4 - Cedar Rapids 1 |
| BOTTOM OF THE 8TH |
|
Cedar Rapids Kernels batting - Pitching for Lansing Lugnuts : RHP Dan Korte
|
|
Now at 1B: Rodrigo Briceno
|
|
|
Now in LF: Dan Hilyer
|
|
|
Now in CF: Brian Manson
|
|
|
Batting: RHB Ratko Macura
|
0-0: Ball 1-0: Foul Ball, location: 2F 1-1: Ball 2-1: Fly out, F9 (Line Drive, 9S, EV 102.5 MPH)
|
|
Batting: RHB Mike Buchanan
|
0-0: Foul Ball, location: 2F 0-1: Swinging Strike 0-2: Ball 1-2: Strikes out swinging
|
|
Batting: RHB Kevin Harris
|
0-0: Called Strike 0-1: Ball 1-1: Swinging Strike 1-2: Ball 2-2: Strikes out swinging
|
| Bottom of the 8th over - 0 runs, 0 hits, 0 errors, 0 left on base; Lansing 4 - Cedar Rapids 1 |
| TOP OF THE 9TH |
|
Lansing Lugnuts batting - Pitching for Cedar Rapids Kernels : RHP Dean Huch
|
|
Pitching: RHP Danny Lucero
|
|
|
Batting: RHB Dylan Phillips
|
0-0: Called Strike 0-1: Ball 1-1: Ball 2-1: Ball 3-1: Swinging Strike 3-2: Strikes out swinging
|
|
Batting: RHB Carlos Renteria
|
0-0: Ball 1-0: Ball 2-0: Foul Ball, location: 2F 2-1: Fly out, F7 (Line Drive, 7D, EV 108.8 MPH)
|
|
Batting: RHB Jamie Ogilvie
|
0-0: Swinging Strike 0-1: Called Strike 0-2: Ball 1-2: Ball 2-2: Foul Ball, location: 2F 2-2: Strikes out looking
|
| Top of the 9th over - 0 runs, 0 hits, 0 errors, 0 left on base; Lansing 4 - Cedar Rapids 1 |
| BOTTOM OF THE 9TH |
|
Cedar Rapids Kernels batting - Pitching for Lansing Lugnuts : RHP Dan Korte
|
|
Pitching: RHP Scott Lowry
|
|
|
Batting: RHB Jose Almonte
|
0-0: Swinging Strike 0-1: Foul Ball, location: 2F 0-2: Ball 1-2: Ball 2-2: Ball 3-2: Foul Ball, location: 2F 3-2: SINGLE (Groundball, 6S, EV 63.8 MPH) (infield hit)
|
|
Batting: LHB Tomas Espino
|
0-0: Called Strike 0-1: Ball 1-1: Swinging Strike Passed Ball! Jose Almonte to second 1-2: Strikes out looking
|
|
Batting: RHB Nick Phipps
|
0-0: Ball 1-0: Ball 2-0: Ball 3-0: Base on Balls
|
|
Pinch Hitting: SHB Chris Hull
|
0-0: Fly out, F7 (Flyball, 7D, EV 93.1 MPH)
|
|
Batting: RHB Jose Gracia
|
0-0: Fielders Choice at 2nd, 6-4 (Groundball, 6, EV 94.4 MPH)
|
| Bottom of the 9th over - 0 runs, 1 hit, 0 errors, 2 left on base; Lansing 4 - Cedar Rapids 1 |
|